 Dungeon Crawl Stone Soup version 0.31-a0-986-g5e6e4ef867 (webtiles) character file.

Game seed: 4276990552446385174

9678 Zonian the Thaumaturge (level 11, -4/54 HPs)
             Began as a Deep Elf Necromancer on Nov 9, 2023.
             Was an Initiate of Kikubaaqudgha.
             Slain by a chaos spawn (14 damage)
             ... on level 10 of the Dungeon on Nov 10, 2023.
             The game lasted 01:13:42 (13390 turns).

Zonian the Thaumaturge (Deep Elf Necromancer)      Turns: 13390, Time: 01:13:47

Health: -4/54      AC: 13    Str:  7    XL:     11   Next: 26%
Magic:  18/27      EV: 18    Int: 20    God:    Kikubaaqudgha [......]
Gold:   581        SH:  0    Dex: 18    Spells: 3/31 levels left

rFire   + . .        x - +8 demon trident of Bigud {pain, Str+2 Int-3 SInv}
rCold   + + +        (no shield)
rNeg    + . .        D - +2 robe {rC+}
rPois   +            (no helmet)
rElec   +            r - +1 cloak
rCorr   +            H - +1 pair of gloves
SInv    +            u - +0 pair of boots "Eveymor" {rPois Regen+ Dex+3}
Will    +....        (no amulet)
Stlth   +++++        o - ring of wizardry
HPRegen 1.09/turn    A - ring "Jeriets" {rC+ rN+ AC+4 Int-2}
MPRegen 0.20/turn

%: wizardry (x1)
@: resistant, spiked, animating dead, studying Axes
A: no striking features
a: Renounce Religion


You were on level 10 of the Dungeon.
You worshipped Kikubaaqudgha.
Kikubaaqudgha was noncommittal.
You visited 2 branches of the dungeon, and saw 11 of its levels.

You collected 581 gold pieces.

Inventory:

Hand Weapons
 b - a +2 long sword of holy wrath
 c - a +0 short sword
 k - a +0 short sword of draining
 q - a +3 spear of venom
 s - a +2 scimitar of flaming
 t - the +8 dagger of the Hills {heavy, *Slow rElec Str+6}
   (You found it on level 5 of the Dungeon)

   Str+6:     It affects your strength (+6).
   rElec:     It insulates you from electricity.
   *Slow:     It may slow you when you take damage.
 x - the +8 demon trident of Bigud (weapon) {pain, Str+2 Int-3 SInv}
   (You acquired it on level 5 of the Dungeon)

   Str+2:     It affects your strength (+2).
   Int-3:     It affects your intelligence (-3).
   SInv:      It lets you see invisible.
 y - the +5 short sword of the Blessed Realm {flame, rElec rC- SInv Stlth+}
   (You found it on level 6 of the Dungeon)

   rC-:       It makes you vulnerable to cold.
   rElec:     It insulates you from electricity.
   SInv:      It lets you see invisible.
   Stlth+:    It makes you more stealthy.
Missiles
 i - a curare-tipped dart
Armour
 a - a +0 robe
 f - a +2 pair of boots
 p - an orb of light
 r - a +1 cloak (worn)
 u - the +0 pair of boots "Eveymor" (worn) {rPois Regen+ Dex+3}
   (You acquired it on level 5 of the Dungeon)

   Dex+3:     It affects your dexterity (+3).
   rPois:     It protects you from poison Regen+: It increases your rate of
   health regeneration.
 D - a +2 robe of cold resistance (worn)
 H - a +1 pair of gloves (worn)
 J - a scarf of harm
Magical Staves
 w - a staff of death
Jewellery
 m - a +6 ring of dexterity
 o - a ring of wizardry (left hand)
 A - the ring "Jeriets" (right hand) {rC+ rN+ AC+4 Int-2}
   (You acquired it on level 5 of the Dungeon)

   [ring of protection]

   AC+4:      It affects your AC (+4).
   Int-2:     It affects your intelligence (-2).
   rC+:       It protects you from cold.
   rN+:       It protects you from negative energy.
 B - a ring of magical power
Wands
 z - a wand of digging (4)
Scrolls
 j - a scroll of vulnerability
 l - 2 scrolls of teleportation
 v - 3 scrolls of amnesia
 E - 2 scrolls of enchant weapon
 G - a scroll of poison
Potions
 d - 3 potions of brilliance
 e - a potion of curing
 g - 3 potions of lignification
 h - 2 potions of degeneration
 n - 2 potions of attraction
 F - a potion of might
Miscellaneous
 I - a lightning rod (3/4)


   Skills:
 + Level 9.8 Dodging
 - Level 10.7 Stealth
 + Level 10.8 Spellcasting
 + Level 10.3 Hexes
 + Level 10.7 Necromancy


You had 3 spell levels left.
You knew the following spells:

 Your Spells              Type           Power      Damage    Failure   Level
a - Necrotise             Necr           100%       1d9       1%          1
b - Slow                  Hex            100%       N/A       1%          1
c - Vampiric Draining     Necr           52%        2d9       1%          3
d - Confusing Touch       Hex            51%        N/A       1%          3
e - Animate Dead          Necr           52%        N/A       1%          4
f - Anguish               Hex/Necr       26%        N/A       1%          4
g - Cause Fear            Hex            25%        N/A       1%          4
h - Agony                 Necr           52%        N/A       1%          5
i - Mephitic Cloud        Conj/Pois/Air  10%        N/A       8%          3

Your spell library contained the following spells:

 Spells                   Type           Power      Damage    Failure   Level
 Cigotuvi's Dreadful Rot  Necr/Pois/Air  50%        N/A       1%          2
 Sublimation of Blood     Necr           52%        N/A       1%          2
 Sigil of Binding         Hex            51%        N/A       1%          3
 Tukima's Dance           Hex            51%        N/A       1%          3
 Magic Dart               Conj           40%        1d5       2%          1
 Call Imp                 Summ           20%        N/A       4%          2
 Lesser Beckoning         Tloc           20%        N/A       4%          2
 Poisonous Vapours        Pois/Air       20%        N/A       4%          2
 Gell's Gravitas          Tloc           10%        N/A       8%          3
 Teleport Other           Tloc           10%        N/A       8%          3
 Dispel Undead            Necr           52%        3d19      1%          4
 Death Channel            Necr           26%        N/A       4%          6
 Yara's Violent Unravell  Hex/Tmut       15%        3d8       9%          5
 Passage of Golubria      Tloc           10%        N/A       26%         4
 Enfeeble                 Hex            25%        N/A       30%         7
 Freezing Cloud           Conj/Ice/Air   5%         6-21      54%         5
 Iskenderun's Battlesphe  Conj           10%        2d6       54%         5
 Bombard                  Conj/Erth      5%         9d2       98%         6
 Spellforged Servitor     Conj/Summ      5%         N/A       100%        7
 Chain Lightning          Conj/Air       5%         3d6       100%        9
 Fire Storm               Conj/Fire      5%         8d1       100%        9
 Shatter                  Erth           5%         3d8*      100%        9


Dungeon Overview and Level Annotations

Branches:
Dungeon (10/15)            Temple (1/1) D:5
   Lair: D:8-11         Orc: D:9-12

Altars:
Ashenzari
Cheibriados
Dithmenos
Elyvilon
Fedhas
Gozag
Hepliaklqana
Kikubaaqudgha
Makhleb
Nemelex Xobeh
Okawaru
Qazlal
Ru
Sif Muna
Trog
Uskayaw
Vehumet
Wu Jian
Xom
Yredelemnul
Zin
The Shining One

Annotations:
D:2 1 runed translucent door, Crazy Yiuf
D:9 1 runed translucent door, Gastronok


Message History

The sixfirhy closely misses you.
Your water moccasin zombie misses the sixfirhy.
The red devil closely misses you.
Unknown command.
You completely miss the sixfirhy.
Your water moccasin zombie completely misses the sixfirhy.
The red devil hits you from afar with a +0 trident!
Barbed spikes become lodged in your body.
Your troll zombie misses the red devil.
Your troll zombie barely misses the red devil.
Your troll zombie claws the red devil.
Your water moccasin zombie closely misses the sixfirhy.
It was a potion of resistance.
You feel protected. The sixfirhy misses you.
The sixfirhy hits you but does no damage.
The red devil misses you.
Your troll zombie bites the red devil but does no damage.
Your troll zombie misses the red devil.
Your troll zombie claws the red devil.
Your water moccasin zombie bites the sixfirhy.
The sixfirhy completely misses you.
You barely miss the sixfirhy.
The sixfirhy is lightly wounded.
The sixfirhy hits you but does no damage.
The sixfirhy misses you. The sixfirhy completely misses you.
The sixfirhy hits you. The sixfirhy shocks you. You resist.
The red devil hits you from afar with a +0 trident.
Barbed spikes become lodged in your body.
The chaos spawn misses you.
Your water moccasin zombie bites the sixfirhy.
Your troll zombie closely misses the red devil.
Your troll zombie misses the red devil.
Your troll zombie claws the red devil but does no damage.
Your cyclops zombie closely misses the sixfirhy.
The red devil hits you from afar with a +0 trident!
* * * LOW HITPOINT WARNING * * *
Barbed spikes become lodged in your body.
The chaos spawn gores you!
You die...
Kikubaaqudgha rasps: "You have failed me!
Welcome... death!"

...............# .
..........##.........
.......... ........
.........#####......
........ #.........
........ #........##
........ .P.P..Z...#
.##..... ..≈≈P.Z34.#
.# ..... ..≈≈.4Z@..#
... .# .....
.....##.### .... .##.
...<##~~.# ..... ....
....#~~~~##... .#..
...~~~~~~#.#### .....
..~~~~~~~~....# .....
..~~~~~~~~~....# .....
....
..#~~~~~~~~....##.....
....
+###~~~~~~#....#...~.#


You could see a sixfirhy (ally target), a chaos spawn (anguished), a red devil
(ally target), a friendly water moccasin zombie, a friendly troll zombie and a
friendly cyclops zombie.

Vanquished Creatures
  Erica (D:9)
  A troll (D:10)
  2 raiju (D:9)
  A hornet (D:9)
  Sigmund (D:2)
  5 yaks (D:9)
  A sky beast (D:7)
  3 black bears
  2 orc warriors
  An ogre (D:5)
  3 centaurs
  2 phantoms
  A kobold brigand (D:7)
  3 bullfrogs
  3 scorpions
  7 wights (D:6)
  Dowan (D:7)
  8 killer bees
  6 electric eels (D:9)
  2 quasits (D:10)
  5 hounds
  2 orc priests
  2 jellies
  A sleepcap (D:6)
  3 iguanas
  Natasha (thrice) (D:2)
  3 orc wizards
  Robin (D:4)
  5 adders
  A shadow imp (D:7)
  A white imp (D:6)
  2 ufetubi (D:6)
  A worm (D:2)
  2 dart slugs
  24 orcs
  4 bats (D:1)
  6 endoplasms
  4 giant cockroaches
  8 hobgoblins
  13 kobolds
  A quokka (D:1)
  3 ball pythons
  A frilled lizard (D:3)
  17 goblins
  3 rats
170 creatures vanquished.

Vanquished Creatures (collateral kills)
  A soul eater (D:10)
  A cyclops (D:10)
  2 orange demons (D:10)
  5 yaks
  A water moccasin (D:5)
  An orc warrior (D:8)
  A centaur (D:8)
  2 kobold brigands (D:9)
  2 bullfrogs
  3 killer bees
  A quasit (D:10)
  2 orc priests
  An iguana (D:5)
  4 orc wizards
  6 orcs
  2 endoplasms
  A goblin (D:4)
  2 kobolds
  A rat (D:3)
39 creatures vanquished.

Vanquished Creatures (others)
  A hydra (D:10)
  A catoblepas (D:8)
  A centaur warrior (D:8)
  2 cyclopes (D:10)
  A red devil (D:10)
  A troll (D:10)
  3 slime creatures
  A slime creature zombie (D:10)
  2 yaks
  A basilisk (D:10)
  Duvessa (D:7)
  A water moccasin (D:10)
  A hornet zombie (D:9)
  2 orc warriors
  2 centaurs
  A kobold brigand (D:10)
  A cyclops zombie (D:10)
  A gnoll sergeant (D:7)
  7 wights
  A troll zombie (D:10)
  2 yak zombies (D:10)
  2 centaur zombies (D:9)
  A bullfrog zombie (D:9)
  An orc priest (D:10)
  A basilisk zombie (D:10)
  An orc wizard (D:9)
  4 killer bee zombies (D:8)
  3 kobold zombies
  A white imp (D:7)
  A worm (D:9)
  2 orcs
  A giant cockroach (D:10)
  A quokka (D:10)
  A giant cockroach zombie (D:10)
  9 orc zombies
63 creatures vanquished.

Grand Total: 272 creatures vanquished

Notes
Turn   | Place    | Note
-------+----------+-------------------------------------------
     0 | D:1      | Zonian the Deep Elf Necromancer began the quest for the
                  | Orb.
     0 | D:1      | Reached XP level 1. HP: 10/10 MP: 6/6
   331 | D:1      | Reached XP level 2. HP: 15/15 MP: 5/8
   340 | D:1      | Reached skill level 5 in Necromancy
   612 | D:1      | Learned a level 1 spell: Slow
   750 | D:1      | Found a faded altar of an unknown god.
  1159 | D:2      | Noticed Sigmund
  1237 | D:2      | Reached XP level 3. HP: 19/19 MP: 5/9
  1304 | D:2      | Noticed Natasha
  1308 | D:2      | Killed Natasha
  1309 | D:2      | Reached skill level 1 in Hexes
  1498 | D:2      | Noticed Natasha
  1504 | D:2      | Killed Natasha
  1505 | D:2      | Reached XP level 4. HP: 9/24 MP: 4/11
  1861 | D:2      | Noticed Natasha
  1866 | D:2      | Killed Natasha
  2232 | D:2      | Killed Sigmund
  2233 | D:2      | Reached XP level 5. HP: 20/28 MP: 5/14
  2233 | D:2      | Reached XP level 6. HP: 23/32 MP: 5/15
  2308 | D:2      | Learned a level 3 spell: Vampiric Draining
  2312 | D:2      | Learned a level 3 spell: Confusing Touch
  2317 | D:2      | Learned a level 4 spell: Animate Dead
  2326 | D:2      | Found a runed translucent door.
  2327 | D:2      | Noticed Crazy Yiuf
  2966 | D:3      | Found a shimmering blue altar of Sif Muna.
  3432 | D:4      | Noticed Robin
  3487 | D:4      | Reached skill level 5 in Spellcasting
  3686 | D:4      | Killed Robin
  3690 | D:4      | Reached XP level 7. HP: 19/36 MP: 6/16
  3880 | D:4      | Reached skill level 5 in Stealth
  4731 | D:4      | Reached skill level 5 in Dodging
  4984 | D:5      | Entered Level 5 of the Dungeon
  5355 | D:5      | Identified 3 scrolls of acquirement
  5355 | D:5      | Acquired a staff of death
  5457 | D:5      | Acquired the +8 demon trident of Bigud {pain, Str+2 Int-3
                  | SInv}
  5459 | D:5      | Acquired the +0 pair of boots "Eveymor" {rPois Regen+
                  | Dex+3}
  5504 | D:5      | Reached skill level 5 in Hexes
  5533 | D:5      | Reached XP level 8. HP: 41/41 MP: 14/19
  5700 | D:5      | Identified the +8 dagger of the Hills {heavy, *Slow rElec
                  | Str+6}
  5701 | D:5      | Found a staircase to the Ecumenical Temple.
  5723 | Temple   | Entered the Ecumenical Temple
  5866 | Temple   | Became a worshipper of Kikubaaqudgha
  6627 | D:6      | Identified the +5 short sword of the Blessed Realm {flame,
                  | rElec rC- SInv Stlth+}
  6655 | D:5      | Acquired a ring of magical power
  6664 | D:5      | Learned a level 4 spell: Anguish
  6669 | D:5      | Learned a level 4 spell: Cause Fear
  6801 | D:5      | Acquired Great Wizards, Vol. VII
  6803 | D:5      | Acquired the ring "Jeriets" {rC+ rN+ AC+4 Int-2}
  6939 | D:6      | Reached XP level 9. HP: 26/45 MP: 14/22
  7851 | D:7      | Reached * piety under Kikubaaqudgha
  7851 | D:7      | Received a gift from Kikubaaqudgha
  7975 | D:7      | Noticed Duvessa
  7983 | D:7      | Noticed Dowan
  8075 | D:7      | Killed Duvessa
  8085 | D:7      | Killed Dowan
  8828 | D:7      | Learned a level 5 spell: Agony
  9296 | D:7      | Reached ** piety under Kikubaaqudgha
  9923 | D:8      | Reached XP level 10. HP: 20/50 MP: 20/25
  9934 | D:8      | Noticed a centaur warrior
 10038 | D:8      | Identified the +0 scale mail "Dosuof" {Drain Str+2 Dex+5}
 10419 | D:9      | Paralysed by a hornet for 1 turns
 10545 | D:9      | Found a white marble altar of Elyvilon.
 10774 | D:9      | You fall into a shaft and drop 1 floor!
 10774 | D:10     | Entered Level 10 of the Dungeon
 10795 | D:10     | Noticed a smoke demon
 10806 | D:10     | Noticed an orange demon
 10866 | D:10     | Noticed a cyclops
 10868 | D:10     | Noticed a cyclops
 10882 | D:10     | Killed a cyclops
 10904 | D:10     | Reached skill level 10 in Necromancy
 10971 | D:10     | Noticed an orange demon
 10979 | D:10     | Noticed a soul eater
 10981 | D:10     | Killed an orange demon
 10982 | D:10     | Reached skill level 10 in Spellcasting
 10984 | D:10     | Killed an orange demon
 10985 | D:10     | Reached skill level 10 in Stealth
 10997 | D:10     | Killed a soul eater
 11207 | D:9      | Noticed Erica
 11263 | D:9      | Reached XP level 11. HP: 46/54 MP: 16/27
 11273 | D:9      | Learned a level 3 spell: Mephitic Cloud
 11611 | D:9      | Noticed a tengu warrior
 11616 | D:9      | Noticed a two-headed ogre
 11641 | D:9      | Noticed Gastronok
 11991 | D:9      | Reached skill level 10 in Hexes
 12263 | D:9      | Killed Erica
 13144 | D:9      | Found a runed translucent door.
 13211 | D:10     | Noticed a sixfirhy
 13390 | D:10     | Slain by a chaos spawn

Illustrated notes

Levels and vault maps discovered:
D:1:      tarquinn_simple_flora_water_a, layout_basic,
          chequers_ecumenical_altar_lobes, nicolae_eternal_life,
          kennysheep_nondescript, serial_park_tiny_2, minmay_nonomino_d4
D:2:      layout_basic, uniq_sigmund, uniq_crazy_yiuf_cottage, uniq_natasha
D:3:      layout_basic, mainiacjoe_overflow_paths,
          nicolae_concentric_dashed_squares_wild, minmay_surrounded
D:4:      layout_layer_cave, minmay_manual_mess, uniq_robin
D:5:      layout_loops_ring, minmay_temple_entry_junction,
          kennysheep_decorative_pillar, minmay_fractal_squares_diagonal_5
D:6:      layout_rooms, dreamdust_wishing_well, serial_bayou_pond_c
D:7:      layout_loops_ring, uniq_duvessa
D:8:      nicolae_BIG_FREAKIN_CUBE, layout_gridville
D:9:      layout_big_octagon, nicolae_overflow_hidden_temple, st_stairs_4,
          minmay_st_funbox, serial_park_tiny_2, nicolae_have_a_lightning_rod,
          uniq_gastronok, uniq_erica
D:10:     layout_basic, hellmonk_lair_entry_icy, serial_demonic,
          serial_demonic_d, serial_demonic_c, serial_demonic_a,
          serial_demonic_g, minmay_misc_feat_rows,
          chequers_serial_rivers_small_b, dreamdust_gnoll_shepherd
Temple:   mainiacjoe_temple_cubbyholes

Skill      XL: |  1  2  3  4  5  6  7  8  9 10 11 |
---------------+----------------------------------+-----
Necromancy     | 5 6 7 8 9 10 | 10.7
Stealth        | 3 4 5 7 8 10 | 10.7
Dodging        | 3 4 5 6 8 9 |  9.8
Hexes          | 1 3 5 6 8 9 10 | 10.3
Spellcasting   | 4 5 6 7 9 10 | 10.8

Action                     |  1- 3 |  4- 6 |  7- 9 | 10-12 || total
---------------------------+-------+-------+-------+-------++-------
  Melee: Unarmed           |     1 |       |       |       ||     1
         Spear             |       |     8 |    37 |       ||    45
         Short sword       |       |     1 |    66 |     6 ||    73
         Staff             |       |       |    76 |    81 ||   157
         Demon trident     |       |       |    13 |    37 ||    50
         Punch             |       |       |     4 |     3 ||     7
  Throw: Throwing net      |       |       |     1 |     1 ||     2
   Cast: Necrotise         |    54 |    86 |   181 |    59 ||   380
         Slow              |       |       |     3 |     3 ||     6
         Confusing Touch   |       |       |     2 |     1 ||     3
         Anguish           |       |       |    25 |    11 ||    36
         Vampiric Draining |       |       |     1 |     4 ||     5
         Animate Dead      |       |       |     3 |     6 ||     9
         Cause Fear        |       |       |     2 |     1 ||     3
         Agony             |       |       |     1 |     4 ||     5
         Mephitic Cloud    |       |       |       |     2 ||     2
 Invoke: Unearth Wretches  |       |       |     2 |     7 ||     9
  Evoke: Lightning rod     |       |       |       |     1 ||     1
    Use: Scroll            |       |    11 |    20 |     4 ||    35
         Potion            |       |     1 |     6 |     4 ||    11
   Stab: Confused          |       |       |     4 |       ||     4
         Sleeping          |       |       |     4 |       ||     4
         Paralysed         |       |       |     1 |     3 ||     4
         Distracted        |       |       |     1 |     2 ||     3
         Held in net/web   |       |       |       |     1 ||     1
 Armour: Robe              |    19 |    38 |   248 |   158 ||   463
  Dodge: Dodged            |    12 |    32 |   296 |   226 ||   566

Table legend: (Time is in decaauts)
 A = Elapsed time spent in this place.
 B = Non-inter-level travel time spent in this place.
 C = Inter-level travel time spent in this place.
 D = Time resting spent in this place.
 E = Time spent auto-exploring this place.
 F = Levels seen in this place.
 G = Mean time per level.
                   A        B        C        D        E       F      G
               +--------+--------+--------+--------+--------+-----+--------+
         Total |  13544 |  12948 |    596 |   4358 |   5085 |  11 | 1231.3 |
       Dungeon |  13351 |  12804 |    547 |   4358 |   5085 |  10 | 1335.1 |
        Temple |    192 |    143 |     49 |      0 |      0 |   1 |  192.0 |
               +--------+--------+--------+--------+--------+-----+--------+

Top non-repeatable levels by time:
     D:9: 2191 daAuts
     D:5: 1936 daAuts
     D:4: 1795 daAuts
     D:7: 1604 daAuts
     D:2: 1311 daAuts
     D:8: 1294 daAuts
     D:1: 1230 daAuts
     D:6: 703 daAuts
     D:3: 673 daAuts
    D:10: 612 daAuts
  Temple: 192 daAuts
